 Dungeon Crawl Stone Soup version 0.28-a0-1233-g92def6ad0a (webtiles) character file.

Game seed: 14709651912666253837

23 Garessta the Conjurer (level 2, 0/19 HPs)
             Began as a Demonspawn Conjurer on Dec 22, 2021.
             Succumbed to an adder's poison
             ... on level 2 of the Dungeon on Dec 23, 2021.
             The game lasted 00:03:20 (1694 turns).

Garessta the Conjurer (Demonspawn Conjurer)         Turns: 1694, Time: 00:03:21

Health: 0/19       AC:  2    Str:  5 (7)  XL:     2   Next: 72%
Magic:  0/5        EV: 12    Int: 17 (19) God:
Gold:   68         SH:  0    Dex: 10 (11) Spells: 2/5 levels left

rFire   . . .      SeeInvis .   d - +0 club
rCold   . . .      Faith    .   (no shield)
rNeg    . . .      Spirit   .   a - +0 robe
rPois   .          Reflect  .   (no helmet)
rElec   .          Harm     .   (no cloak)
rCorr   .          Rampage  .   (no gloves)
Will    .....                   (no boots)
Stlth   ++........              (no amulet)
HPRegen 0.06/turn               (no ring)
MPRegen 0.09/turn               (no ring)

@: brilliant, lethally poisoned (0 -> -3), flying, invisible
A: demonic touch 1
a: no special abilities


You were on level 2 of the Dungeon.
You visited 1 branch of the dungeon, and saw 2 of its levels.

You collected 68 gold pieces.

Inventory:

Hand Weapons
 d - a +0 club (weapon)
Armour
 a - a +0 robe (worn)
Jewellery
 e - an amulet of magic regeneration
 f - a ring of magical power
Scrolls
 b - a scroll of identify {unknown}
 h - 2 scrolls of fear {unknown}
Potions
 g - a potion of degeneration
 i - a potion of brilliance


   Skills:
 - Level 1.7 Dodging
 - Level 1.7 Stealth
 + Level 2.4 Spellcasting
 * Level 4.6 Conjurations


You had 2 spell levels left.
You knew the following spells:

 Your Spells              Type           Power      Damage    Failure   Level
a - Magic Dart            Conj           100%       1d8       2%          1
b - Searing Ray           Conj           52%        2d6       4%          2

Your spell library contained the following spells:

 Spells                   Type           Power      Damage    Failure   Level
 Dazzling Flash           Conj/Hex       28%        N/A       22%         3
 Fulminant Prism          Conj/Hex       7%         3d7       58%         4
 Iskenderun's Mystic Bla  Conj/Tloc      14%        2d5       58%         4
 Summon Forest            Summ/Tloc      1%         N/A       99%         5
 Eringya's Noxious Bog    Tmut/Pois      1%         N/A       100%        6
 Summon Hydra             Summ           1%         N/A       100%        7


Dungeon Overview and Level Annotations

Branches:
Dungeon (2/15)

Altars:


Innate Abilities, Weirdness & Mutations

Your touch may inflict minor irresistible damage on your foes.


Message History

You closely miss the adder.
The adder is moderately wounded.
The adder barely misses you. The adder bites you.
You are poisoned.
The adder poisons you!
You closely miss the adder.
The adder is moderately wounded.
You feel sick. The adder completely misses you. The adder bites you.
You are too injured to fight recklessly!
You are too injured to fight recklessly!
Casting: Magic Dart (safe; 2% risk of failure)
Confirm with . or Enter, or press ? or * to list all spells.
Aiming: Magic Dart (safe; 2% risk of failure)
Press: ? - help, Shift-Dir - straight line, f/p - adder
Aim: an adder (moderately wounded, 100% to hit)
The magic dart hits the adder.
The adder is heavily wounded.
You feel sick. The adder bites you.
* * * LOW HITPOINT WARNING * * *
You are lethally poisoned!
The adder poisons you!
It was a potion of degeneration.
There was something very wrong with that liquid.
You feel weakened.
You feel dopey.
You feel clumsy.
* * * LOW HITPOINT WARNING * * *
You feel sick. The adder completely misses you.
It was a potion of brilliance.
You feel clever all of a sudden.
* * * LOW HITPOINT WARNING * * *
You feel sick. The adder bites you but does no damage. The adder misses you.
It was a potion of flight.
You feel very buoyant.
You fly up into the air.
* * * LOW HITPOINT WARNING * * *
You feel sick. The adder closely misses you.
Your magical contamination has completely faded away.
Unknown command.
It was a potion of invisibility.
You fade into invisibility!
You die...

#..##.. #.#.#.. #.....#
#.#.>.#
#.....#######.#.###
##.................
######.................#
..............#....#.#..
)...............#.......
......#......###.......#
......S@#.#...##...#.#.#
..:...#...#...##.##..#..
........##..........###.
.......###.......#### #.
.†...............### #.
...................## #.
. ....#....###...#..###.
.......##...........##.
...... ##....##.#.....


You could see an adder.

Vanquished Creatures
  2 endoplasms
  A giant cockroach (D:1)
  3 hobgoblins (D:1)
  2 kobolds
  A quokka (D:2)
  4 ball pythons
  2 bats (D:1)
  2 frilled lizards (D:2)
  3 goblins
  4 rats
24 creatures vanquished.

Notes
Turn   | Place    | Note
-------+----------+-------------------------------------------
     0 | D:1      | Garessta the Demonspawn Conjurer began the quest for the
                  | Orb.
     0 | D:1      | Reached XP level 1. HP: 13/13 MP: 3/3
   490 | D:1      | Gained mutation: Your touch may inflict minor irresistible
                  | damage on your foes. [demonic ancestry]
   490 | D:1      | Reached XP level 2. HP: 5/19 MP: 0/5
   828 | D:1      | Upgraded the game from 0.28-a0-1227-ga9037bb4c8 to
                  | 0.28-a0-1233-g92def6ad0a
   923 | D:1      | Learned a level 2 spell: Searing Ray
  1339 | D:1      | Found a faded altar of an unknown god.
  1694 | D:2      | Succumbed to an adder's poison

Illustrated notes

Levels and vault maps discovered:
D:1:      lightli_molten_gateway, layout_loops_ring,
          shapermc_ecumenical_altar_petra
D:2:      layout_rooms

Action                   || total
-------------------------++-------
Melee: Unarmed           ||    19
       Club              ||     6
       Touch             ||     2
 Cast: Magic Dart        ||    50
  Use: Potion            ||     4
Armor: Robe              ||    16
Dodge: Dodged            ||    40

Table legend: (Time is in decaauts)
 A = Elapsed time spent in this place.
 B = Non-inter-level travel time spent in this place.
 C = Inter-level travel time spent in this place.
 D = Time resting spent in this place.
 E = Time spent auto-exploring this place.
 F = Levels seen in this place.
 G = Mean time per level.
                   A        B        C        D        E       F      G
               +--------+--------+--------+--------+--------+-----+--------+
         Total |   1695 |   1656 |     39 |      0 |   1461 |   2 |  847.5 |
       Dungeon |   1695 |   1656 |     39 |      0 |   1461 |   2 |  847.5 |
               +--------+--------+--------+--------+--------+-----+--------+

Top non-repeatable levels by time:
     D:1: 1397 daAuts
     D:2: 297 daAuts
